 Seeded DCSS version 0.30.1-9-gdf580d7c3d (webtiles) character file.

Game seed: 7547814903460644772 (custom seed)

270 Psyclone the Tainter (level 6, -1/38 (40) HPs)
             Began as a Deep Elf Venom Mage on Sept 26, 2023.
             Slain by Crazy Yiuf
             ... wielding a +4 quarterstaff of chaos
              (5 damage)
             ... on level 3 of the Dungeon.
             The game lasted 00:11:55 (2385 turns).

Psyclone the Tainter (Deep Elf Venom Mage)          Turns: 2385, Time: 00:11:56

HP:   -1/38 (40)    AC:  2    Str:  5    XL:     6   Next: 1%
MP:   14/19         EV: 14    Int: 22    God:
Gold: 259           SH:  0    Dex: 15    Spells: 15/22 levels left

rFire   . . .        f - +4 dagger
rCold   . . .        (no shield)
rNeg    . . .        a - +0 robe
rPois   .            (no helmet)
rElec   .            (no cloak)
rCorr   .            (no gloves)
SInv    .            (no boots)
Will    .....        (no amulet)
Stlth   ++           (no ring)
HPRegen 0.26/turn    (no ring)
MPRegen 0.16/turn

%: no passive effects
@: drained
A: no striking features
a: no special abilities


You were on level 3 of the Dungeon.
You visited 1 branch of the dungeon, and saw 3 of its levels.

You collected 259 gold pieces.

Inventory:

Hand Weapons
 f - a +4 dagger (weapon)
Armour
 a - a +0 robe (worn)
Scrolls
 c - a scroll of identify {unknown}
 g - a scroll of magic mapping {unknown}
 h - a scroll of poison {unknown}
 j - 2 scrolls of enchant weapon {unknown}
 k - a scroll of immolation {unknown}
 n - a scroll of teleportation {unknown}
 o - a scroll of vulnerability {unknown}
 q - a scroll of amnesia {unknown}
Potions
 b - a potion of magic
 d - a potion of haste {unknown}
 e - a potion of cancellation {unknown}
 i - 2 potions of might {unknown}
 l - a potion of degeneration {unknown}
 m - a potion of brilliance {unknown}
 p - a potion of flight {unknown}
 r - 2 potions of attraction {unknown}
 s - a potion of resistance {unknown}
 t - a potion of heal wounds {unknown}


   Skills:
 - Level 4.9 Fighting
 - Level 5.6 Dodging
 - Level 2.4 Stealth
 - Level 8.9 Spellcasting
 - Level 1.1 Transmutations
 + Level 10.0 Poison Magic


You had 15 spell levels left.
You knew the following spells:

 Your Spells              Type           Power      Damage    Failure   Level
a - Poisonous Vapours     Pois/Air       62%        N/A       1%          2
v - Sting                 Tmut/Pois      100%       1d8       1%          1
x - Olgreb's Toxic Radia  Pois           52%        N/A       1%          4

Your spell library contained the following spells:

 Spells                   Type           Power      Damage    Failure   Level
 Mephitic Cloud           Conj/Pois/Air  24%        N/A       5%          3
 Blink                    Tloc           18%        N/A       11%         2
 Lesser Beckoning         Tloc           18%        N/A       11%         2
 Gell's Gravitas          Tloc           9%         N/A       21%         3
 Inner Flame              Hex/Fire       9%         N/A       21%         3
 Teleport Other           Tloc           9%         N/A       21%         3
 Manifold Assault         Tloc           9%         N/A       56%         4
 Yara's Violent Unravell  Hex/Tmut       6%         3d5       83%         5
 Freezing Cloud           Conj/Ice/Air   4%         6-21      88%         5
 Enfeeble                 Hex            4%         N/A       100%        7
 Storm Form               Tmut/Air       6%         N/A       100%        7


Dungeon Overview and Level Annotations

Branches:
Dungeon (3/15) Zot: 15616

Altars:
Ashenzari
Wu Jian

Annotations:
D:3 Crazy Yiuf


Message History

Aim: an orc, wielding a +0 hand axe Poisonous vapours surround the orc!
The orc is poisoned.
You now have 17/19 mp.
You hit the orc but do no damage. You punch the orc.
You kill the orc!
You see here a +0 hand axe.
You now have 259 gold pieces (gained 12).
MP restored: 19
Found a stone staircase leading up.
There is a stone staircase leading up here.
Found a hammer.
Found a runed translucent door.
You open the door.
Casting: Poisonous Vapours (safe; 1% risk of failure)
Confirm with . or Enter, or press ? or * to list all spells.
Aiming: Poisonous Vapours (safe; 1% risk of failure)
Press: ? - help, Dir - move target, f - Crazy Yiuf
Aim: Crazy Yiuf, wielding a +4 quarterstaff of chaos and wearing a +0 cloak Poisonous vapours surround Crazy Yiuf!
Crazy Yiuf is poisoned.
You now have 17/19 mp.
Crazy Yiuf attacks as you move away!
Crazy Yiuf hits you with a +4 quarterstaff of chaos!
Crazy Yiuf burns you.
You take 16 damage, and have 24/40 hp.
MASSIVE DAMAGE!!
Casting: Poisonous Vapours (safe; 1% risk of failure)
Confirm with . or Enter, or press ? or * to list all spells.
You begin to radiate toxic energy.
Crazy Yiuf looks even sicker.
Crazy Yiuf completely misses you.
You now have 13/19 mp.
Crazy Yiuf attacks as you move away!
Crazy Yiuf hits you with a +4 quarterstaff of chaos!
You feel drained.
Your toxic aura wanes.
You take 10 damage, and have 15/38 hp.
MASSIVE DAMAGE!!
Crazy Yiuf attacks as you move away!
Crazy Yiuf hits you with a +4 quarterstaff of chaos!
* * * LOW HITPOINT WARNING * * *
You take 11 damage, and have 4/38 hp.
MASSIVE DAMAGE!!
Crazy Yiuf attacks as you move away!
Crazy Yiuf hits you with a +4 quarterstaff of chaos.
You die...

# # ## .# .# .#
.### ...#
♣♣♣♣♣### #### ###
♣♣♣.♣g@..## ####
#...#♣..♣..P...##
...#
#...'.♣♣♣♣......#
.### #)..#♣♣
♣♣P....# .### ###
♣♣##..# ...# #.##
.### #.# .####
####.# ....#
#####....#


You could see Crazy Yiuf (very poisoned).

Vanquished Creatures
  Jessica (D:2)
  Natasha (thrice) (D:3)
  2 adders (D:2)
  4 worms
  A dart slug (D:3)
  An orc (D:3)
  3 ball pythons
  4 bats
  3 endoplasms
  A giant cockroach (D:3)
  7 goblins
  8 hobgoblins
  3 jackals (D:2)
  2 quokkas (D:2)
  3 frilled lizards
  5 kobolds
  2 rats (D:1)
53 creatures vanquished.

Notes
Turn   | Place    | Note
-------+----------+-------------------------------------------
     0 | D:1      | Psyclone the Deep Elf Venom Mage began the quest for the
                  | Orb.
     0 | D:1      | Reached XP level 1. HP: 10/10 MP: 6/6
    55 | D:1      | Found a faded altar of an unknown god.
   244 | D:1      | Reached skill level 4 in Poison Magic
   244 | D:1      | Reached XP level 2. HP: 15/15 MP: 6/8
   531 | D:1      | Reached skill level 8 in Poison Magic
   531 | D:1      | Reached XP level 3. HP: 19/19 MP: 9/15
   532 | D:1      | Reached skill level 5 in Dodging
   532 | D:1      | Reached skill level 9 in Poison Magic
   532 | D:1      | Reached XP level 4. HP: 30/30 MP: 9/16
   618 | D:2      | Noticed Jessica
   713 | D:2      | Learned a level 2 spell: Poisonous Vapours
   718 | D:2      | Learned a level 4 spell: Olgreb's Toxic Radiance
   731 | D:2      | Killed Jessica
   732 | D:2      | Reached XP level 5. HP: 34/34 MP: 11/18
  1753 | D:3      | Noticed Natasha
  1759 | D:3      | Killed Natasha
  1886 | D:3      | Noticed Natasha
  1890 | D:3      | Killed Natasha
  1982 | D:3      | Found a broken altar of Ashenzari.
  2184 | D:3      | Noticed Natasha
  2188 | D:3      | Killed Natasha
  2189 | D:3      | Reached skill level 10 in Poison Magic
  2231 | D:3      | Reached XP level 6. HP: 40/40 MP: 14/19
  2309 | D:3      | Found an ornate altar of the Wu Jian Council.
  2372 | D:3      | Found a runed translucent door.
  2373 | D:3      | Noticed Crazy Yiuf
  2385 | D:3      | Slain by Crazy Yiuf

Illustrated notes

Levels and vault maps discovered:
D:1:      lordsloth_arrival_two_stooges, layout_basic,
          chequers_ecumenical_altar_simple
D:2:      layout_loops_ring, uniq_jessica
D:3:      layout_loops_cross, ashenzari_conservatory_becter,
          nzn_wu_jian_council_hall, chequers_serial_rivers_room_a,
          grunt_decor_cap, hangedman_abyss_or_decor_lesser_grid,
          hangedman_decor_peaks_small, minmay_gold_behind_fungi, uniq_natasha,
          uniq_crazy_yiuf_cottage

Skill      XL: |  1  2  3  4  5 |
---------------+----------------+-----
Poison Magic   | 4 8 9 10 | 10.0
Spellcasting   | 8 |  8.9
Fighting       | 4 |  4.9
Dodging        | 5 |  5.6
Stealth        | |  2.4
Transmutations | |  1.1

Action                     |  1- 3 |  4- 6 || total
---------------------------+-------+-------++-------
  Melee: Unarmed           |     3 |       ||     3
         Dagger            |    10 |    52 ||    62
         Punch             |       |     1 ||     1
   Cast: Sting             |    15 |    17 ||    32
         Poisonous Vapours |       |    27 ||    27
         Olgreb's Toxic Ra |       |     4 ||     4
    Use: Potion            |     2 |       ||     2
   Stab: Sleeping          |     2 |     4 ||     6
 Armour: Robe              |     2 |     7 ||     9
  Dodge: Dodged            |    13 |    36 ||    49
